 Seeded DCSS version 0.28-a0-1567-g1695149f81 (webtiles) character file.

Game seed: 7626 (custom seed)

22962 knot the Severer (level 12, -10/81 HPs)
             Began as a Demonspawn Berserker on Jan 20, 2022.
             Was an Elder of Trog.
             Mangled by a 19-headed hydra (11 damage)
             ... on level 4 of the Lair of Beasts.
             The game lasted 00:18:01 (17295 turns).

knot the Severer (Demonspawn Berserker)            Turns: 17295, Time: 00:18:03

Health: -10/81     AC: 23    Str: 23    XL:     12   Next: 67%
Magic:  0/12       EV: 11    Int: 13    God:    Trog [****..]
Gold:   736        SH:  0    Dex: 14    Spells: 11/11 levels left

rFire   . . .      SeeInvis .   m - +3 broad axe (protect)
rCold   . . .      Faith    .   (no shield)
rNeg    . . .      Spirit   +   Y - +3 ring mail "Igomodif" {Regen+}
rPois   .          Reflect  .   D - +2 hat
rElec   .          Harm     .   (no cloak)
rCorr   .          Rampage  .   e - +2 pair of gloves {Stlth+}
Will    +....                   (no boots)
Stlth   ++........              b - amulet of guardian spirit
HPRegen 7.03/turn               F - ring of willpower
MPRegen 0.13/turn               J - +6 ring of strength

@: under a protective aura, on berserk cooldown, slowed, very slow
A: slimy green scales 2, powered by death 3
a: Renounce Religion, Berserk, Trog's Hand, Brothers in Arms


You were on level 4 of the Lair of Beasts.
You worshipped Trog.
Trog was greatly pleased with you.
You visited 2 branches of the dungeon, and saw 15 of its levels.

You collected 736 gold pieces.

Inventory:

Hand Weapons
 j - a +5 battleaxe of freezing
 m - a +3 broad axe of protection (weapon)
 s - a +0 vorpal battleaxe
Missiles
 f - 5 datura-tipped darts
 k - 9 boomerangs
 y - 6 javelins
 z - 4 throwing nets
 G - 7 curare-tipped darts
 H - 40 poisoned darts
 O - 3 atropa-tipped darts
Armour
 e - a +2 pair of gloves of stealth (worn)
 g - a +1 ring mail of fire resistance
 D - a +2 hat (worn)
 R - +0 acid dragon scales
 Y - the +3 ring mail "Igomodif" (worn) {Regen+}
   (You found it on level 11 of the Dungeon)

   Regen:     It increases your rate of health regeneration.
Jewellery
 b - an amulet of guardian spirit (around neck)
 n - an amulet of magic regeneration
 F - a ring of willpower (left hand)
 J - a +6 ring of strength (right hand)
 L - a ring of positive energy
 P - a ring of ice
 Q - a ring of flight
 U - a ring of magical power
 W - a ring of willpower
 X - a ring of ice
Wands
 q - a wand of polymorph (13)
 r - a wand of digging (10)
 u - a wand of paralysis (4) (quivered)
 B - a wand of charming (11)
 C - a wand of flame (35)
 I - a wand of mindburst (14)
 T - a wand of iceblast (11)
 V - a wand of acid (9)
Scrolls
 c - 2 scrolls of blinking
 d - 12 scrolls of identify
 o - 2 scrolls of fog
 v - 5 scrolls of fear
 w - 4 scrolls of teleportation
 A - 2 scrolls of vulnerability
 M - a scroll of magic mapping
 Z - a scroll of summoning
Potions
 a - a potion of magic
 h - 4 potions of heal wounds
 i - 2 potions of brilliance
 l - 2 potions of invisibility
 p - a potion of haste
 t - a potion of cancellation
 E - a potion of lignification
 K - a potion of flight
 N - 2 potions of curing
 S - a potion of degeneration


   Skills:
 - Level 3.0 Fighting
 + Level 19.3 Axes
 - Level 1.7 Armour
 - Level 1.7 Dodging


You had 11 spell levels left.
You didn't know any spells.
Your spell library contained the following spells:

 Spells                   Type           Power      Damage    Failure   Level
 Animate Skeleton         Necr           0%         N/A       43%         1
 Apportation              Tloc           0%         N/A       43%         1
 Magic Dart               Conj           0%         1d3       43%         1
 Summon Small Mammal      Summ           0%         N/A       43%         1
 Blink                    Tloc           0%         N/A       58%         2
 Call Imp                 Summ           0%         N/A       58%         2
 Ensorcelled Hibernation  Hex/Ice        0%         N/A       58%         2
 Passwall                 Tmut/Erth      0%         N/A       58%         2
 Lesser Beckoning         Tloc           0%         N/A       82%         3
 Mephitic Cloud           Conj/Pois/Air  0%         N/A       82%         3
 Portal Projectile        Hex/Tloc       0%         N/A       82%         3
 Swiftness                Air            0%         N/A       82%         3
 Blade Hands              Tmut           0%         N/A       100%        5
 Excruciating Wounds      Necr           0%         N/A       100%        5
 Fireball                 Conj/Fire      0%         3d3       100%        5
 Iskenderun's Battlesphe  Conj           0%         2d6       100%        5
 Manifold Assault         Tloc           0%         N/A       100%        5
 Summon Forest            Summ/Tloc      0%         N/A       100%        5
 Conjure Ball Lightning   Conj/Air       0%         3x3d6     100%        6
 Eringya's Noxious Bog    Tmut/Pois      0%         N/A       100%        6
 Orb of Destruction       Conj           0%         9d5       100%        7
 Summon Hydra             Summ           0%         N/A       100%        7
 Discord                  Hex            0%         N/A       100%        8
 Disjunction              Tloc           0%         N/A       100%        8


Dungeon Overview and Level Annotations

Branches:
Dungeon (11/15)            Temple (0/1) D:5            Lair (4/6) D:9
 Shoals (0/4) Lair:2        Snake (0/4) Lair:3          Orc (0/2) D:9

Altars:
Dithmenos
Uskayaw
Xom

Shops:
D:3 ?   D:6 (   D:7 *   D:9 (([!


Innate Abilities, Weirdness & Mutations

You are mostly covered in slimy green scales. (AC +3)
You regenerate a lot of health from kills.


Message History

The 20-headed hydra is severely wounded.
You feel sick.
You are no longer poisoned.
The helpless 20-headed hydra fails to defend itself.
You hack one of the 20-headed hydra's heads off!
You hit the 19-headed hydra.
The 19-headed hydra is severely wounded.
The 19-headed hydra is no longer petrified.
The 19-headed hydra bites you but does no damage. x2
The 19-headed hydra bites you. x2; The 19-headed hydra barely misses you.
The 19-headed hydra bites you!
The 19-headed hydra bites you but does no damage.
The 19-headed hydra bites you. The 19-headed hydra barely misses you.
The 19-headed hydra bites you but does no damage.
The 19-headed hydra closely misses you. The 19-headed hydra bites you. x2
The 19-headed hydra bites you but does no damage. x2
The 19-headed hydra bites you!
* * * LOW HITPOINT WARNING * * *
The 19-headed hydra bites you but does no damage.
The 19-headed hydra barely misses you. The 19-headed hydra bites you.
* * * LOW HITPOINT WARNING * * *
You barely miss the 19-headed hydra.
The 19-headed hydra is severely wounded.
The 19-headed hydra bites you but does no damage. x2
The 19-headed hydra bites you.
* * * LOW HITPOINT WARNING * * *
The 19-headed hydra bites you!
* * * LOW HITPOINT WARNING * * *
The 19-headed hydra barely misses you. The 19-headed hydra bites you.
* * * LOW HITPOINT WARNING * * *
The 19-headed hydra bites you but does no damage.
The 19-headed hydra bites you.
* * * LOW HITPOINT WARNING * * *
The 19-headed hydra closely misses you. The 19-headed hydra barely misses you.
The 19-headed hydra bites you but does no damage.
The 19-headed hydra closely misses you. The 19-headed hydra barely misses you.
The 19-headed hydra misses you.
The 19-headed hydra bites you but does no damage. x3
The 19-headed hydra closely misses you. The 19-headed hydra bites you!
You die...

. .## .. ..## .
...## ... .#
..#... ###.# ..#
.#....##...##....
#.....?††........
#.....?D...⌠.....
...#...†@<.....#
#...⌠...⌠.....
.............#..
#..#......##.#
##....##.## ..
..#.. ... ##
.##.#. .... ##..
#+##


You could see a 19-headed hydra.

Vanquished Creatures
  The ghost of Tulew the Transmogrifier, a journeyman NaTm of Cheibriados (Lair:3)
  A hydra (Lair:3)
  2 two-headed ogres
  A catoblepas (Lair:4)
  The ghost of oldriver the Carver, a novice GnCA of Ignis (D:8)
  2 cyclopes (D:11)
  A manticore (D:11)
  2 black mambas
  A gargoyle (D:8)
  6 cane toads
  A kobold demonologist (D:11)
  6 komodo dragons
  3 trolls
  2 polar bears
  3 blink frogs (Lair:2)
  A hornet (D:9)
  A wraith (D:9)
  A shadow (D:10)
  A wyvern (D:8)
  26 yaks
  A basilisk (Lair:2)
  A steam dragon (D:9)
  4 vampire mosquitoes (D:10)
  Menkaure (D:7)
  A warg (D:9)
  2 acid dragons
  4 nagas (Lair:3)
  2 water moccasins
  2 black bears
  8 orc warriors
  2 sky beasts (D:7)
  2 necrophages
  9 wolves
  An ogre (D:6)
  A centaur (D:7)
  7 kobold brigands (D:8)
  2 wyvern zombies
  4 bullfrogs
  2 gnoll sergeants (D:7)
  2 scorpions
  2 water moccasin skeletons
  16 wights
  8 killer bees
  2 howler monkeys (D:8)
  3 centaur zombies
  2 hounds
  3 orc priests
  2 jellies
  A gnoll shaman (D:6)
  14 orc wizards
  Natasha (thrice) (D:3)
  A killer bee zombie (D:7)
  A howler monkey zombie (D:8)
  2 howler monkey skeletons (D:7)
  6 adders
  15 gnolls
  A white imp (D:5)
  2 adder zombies (D:5)
  An adder skeleton (D:4)
  A worm (D:4)
  3 dart slugs
  34 orcs
  9 ball pythons
  4 bats
  6 endoplasms
  6 giant cockroaches
  5 hobgoblins
  2 jackals (D:4)
  10 kobolds
  6 quokkas
  A frilled lizard (D:2)
  6 rats
299 creatures vanquished.

Vanquished Creatures (collateral kills)
  Grum (D:10)
1 creature vanquished.

Vanquished Creatures (others)
  2 kobold brigands (D:8)
  An orc wizard (D:4)
  10 fungi
  25 plants
38 creatures vanquished.

Grand Total: 338 creatures vanquished

Notes
Turn   | Place    | Note
-------+----------+-------------------------------------------
     0 | D:1      | knot the Demonspawn Berserker began the quest for the Orb.
     0 | D:1      | Reached XP level 1. HP: 18/18 MP: 1/1
    84 | D:1      | Reached skill level 3 in Axes
   299 | D:1      | Gained mutation: You regenerate a little health from kills.
                  | [demonic ancestry]
   299 | D:1      | Reached XP level 2. HP: 24/24 MP: 2/2
   615 | D:1      | Reached XP level 3. HP: 29/29 MP: 3/3
   841 | D:2      | Reached skill level 4 in Axes
   913 | D:2      | Found a faded altar of an unknown god.
   921 | D:2      | Reached ** piety under Trog
  1020 | D:2      | Found a shimmering altar of Xom.
  1788 | D:3      | Noticed Natasha
  1801 | D:3      | Killed Natasha
  1802 | D:3      | Gained mutation: You are partially covered in slimy green
                  | scales. (AC +2) [demonic ancestry]
  1802 | D:3      | Reached XP level 4. HP: 29/35 MP: 1/4
  2025 | D:3      | Noticed Natasha
  2034 | D:3      | Killed Natasha
  2035 | D:3      | Reached skill level 5 in Axes
  2123 | D:3      | Found Goiked's Magic Scroll Shoppe.
  2206 | D:3      | Noticed Natasha
  2217 | D:3      | Killed Natasha
  2218 | D:3      | Reached XP level 5. HP: 23/41 MP: 3/5
  2888 | D:4      | Reached skill level 6 in Axes
  2888 | D:4      | Reached XP level 6. HP: 47/47 MP: 6/6
  3593 | D:4      | Reached skill level 7 in Axes
  4435 | D:5      | Entered Level 5 of the Dungeon
  4468 | D:5      | Noticed a water moccasin
  4482 | D:5      | Killed a water moccasin
  4483 | D:5      | Reached XP level 7. HP: 52/52 MP: 5/7
  4559 | D:5      | Found a staircase to the Ecumenical Temple.
  4588 | D:5      | Noticed a troll
  4970 | D:5      | Reached skill level 8 in Axes
  4984 | D:5      | HP: 1/52 [troll (8)]
  5013 | D:5      | Killed a troll
  5702 | D:5      | Reached skill level 9 in Axes
  5702 | D:5      | Gained mutation: You regenerate health from kills. [demonic
                  | ancestry]
  5702 | D:5      | Reached XP level 8. HP: 58/58 MP: 8/8
  6460 | D:6      | Found Jamei's Weapon Emporium.
  6974 | D:6      | Reached skill level 10 in Axes
  7647 | D:7      | Reached skill level 11 in Axes
  7706 | D:7      | Noticed Menkaure
  7715 | D:7      | Gained mutation: You regenerate a lot of health from kills.
                  | [demonic ancestry]
  7715 | D:7      | Reached XP level 9. HP: 56/63 MP: 4/9
  7722 | D:7      | Killed Menkaure
  7730 | D:7      | Reached *** piety under Trog
  8061 | D:7      | Found a shadowy altar of Dithmenos.
  8318 | D:7      | Found Xokiath's CLEARANCE SALE!.
  8737 | D:8      | Reached skill level 12 in Axes
  8755 | D:8      | Noticed a gargoyle
  8765 | D:8      | Killed a gargoyle
  9322 | D:8      | Reached skill level 13 in Axes
  9420 | D:8      | Found a runed translucent gate.
  9421 | D:8      | Found a runed translucent gate.
  9422 | D:8      | Noticed oldriver's ghost (novice GnCA)
  9428 | D:8      | Found a runed translucent gate.
  9477 | D:8      | Noticed a two-headed ogre
  9485 | D:8      | Killed a two-headed ogre
  9486 | D:8      | Reached XP level 10. HP: 70/70 MP: 7/10
 10133 | D:8      | Killed oldriver's ghost
 10134 | D:8      | Reached skill level 14 in Axes
 10417 | D:9      | Found Macao's Antique Weapon Shoppe.
 10432 | D:9      | Found Juofuj's Antique Weapon Emporium.
 10576 | D:9      | Found a staircase to the Orcish Mines.
 10900 | D:9      | Found Gumossefo's Jewellery Shoppe.
 10948 | D:9      | Found Ana Pips's Distillery.
 11008 | D:9      | Found a staircase to the Lair.
 11094 | D:9      | Found Ceehol Bila's Armour Emporium.
 11223 | D:9      | Reached **** piety under Trog
 11231 | D:9      | Reached skill level 15 in Axes
 12068 | D:10     | Entered Level 10 of the Dungeon
 12447 | D:10     | Gained mutation: You are mostly covered in slimy green
                  | scales. (AC +3) [demonic ancestry]
 12447 | D:10     | Reached XP level 11. HP: 63/75 MP: 8/11
 12500 | D:10     | Noticed Grum
 12534 | D:10     | Killed Grum
 12941 | D:11     | Noticed a two-headed ogre
 12951 | D:11     | Killed a two-headed ogre
 12952 | D:11     | Reached skill level 16 in Axes
 14034 | D:11     | Identified the +3 ring mail "Igomodif" {Regen+}
 14175 | Lair:1   | Entered Level 1 of the Lair of Beasts
 14265 | Lair:1   | Reached skill level 17 in Axes
 14664 | Lair:1   | Found a hide-covered altar of Uskayaw.
 15227 | Lair:2   | Found a staircase to the Shoals.
 15339 | Lair:2   | Reached XP level 12. HP: 81/81 MP: 8/12
 15601 | Lair:2   | Reached skill level 18 in Axes
 16142 | Lair:3   | Noticed a five-headed hydra
 16163 | Lair:3   | Killed a 20-headed hydra
 16325 | Lair:3   | Found a large runed translucent door.
 16325 | Lair:3   | Found a large runed translucent door.
 16328 | Lair:3   | Noticed Tulew's ghost (journeyman NaTm)
 16778 | Lair:3   | Killed Tulew's ghost
 17035 | Lair:3   | Found a staircase to the Snake Pit.
 17056 | Lair:3   | Reached skill level 19 in Axes
 17267 | Lair:4   | Noticed an eight-headed hydra
 17271 | Lair:4   | Noticed a catoblepas
 17291 | Lair:4   | Killed a catoblepas
 17295 | Lair:4   | HP: 1/81 [19-headed hydra (5)]
 17295 | Lair:4   | Mangled by a 19-headed hydra

Illustrated notes

Levels and vault maps discovered:
D:1:      saegor_arrival_simple_a, layout_rooms, roderic_lattice_a,
          nicolae_grassy_gnolls
D:2:      layout_loops_cross, chequers_ecumenical_altar_simple_redux,
          basic_altar, corexii_item_surrounded_by_moat
D:3:      layout_loops_ring, serial_shops, shop, serial_glass, glass_columns_a,
          glass_columns_b, feat_on_display, item_on_display_a,
          minmay_strange_pillars, item_on_display_a, uniq_natasha
D:4:      layout_basic
D:5:      layout_rooms, minmay_temple_entry_slanted,
          chequers_serial_rivers_micro_b, chequers_mini_garden,
          chequers_serial_rivers_micro_c
D:6:      layout_loops_ring, serial_shops, nicolae_shop_hallway_plus
D:7:      layout_rooms, nicolae_dithmenos_through_a_glass_darkly,
          nicolae_shop_clearance, uniq_menkaure
D:8:      layout_loops_ring, gammafunk_ghost_nasty_kobolds
D:9:      layout_long_grid, david_lair_shrubbed, david_orc_1_choice,
          serial_shops, shop, nicolae_diamond_shop, nicolae_stop_n_shop_1,
          nicolae_shop_trees, nicolae_shop_waterfront
D:10:     layout_rooms, lemuel_another_geyser, uniq_grum
D:11:     layout_gridville, serial_park_tiny_1
Lair:1:   layout_cave_pods, basic_altar
Lair:2:   layout_gridlike, shoals_dummy_entry, minivault_26
Lair:3:   layout_long_grid, minmay_snake_entry_guardpost_small,
          ebering_ghost_disaster_area, beast_lair_carwin_6,
          infiniplex_staircase_pool_2
Lair:4:   layout_regular_city, grunt_megastairs_2

Skill      XL: |  1  2  3  4  5  6  7  8  9 10 11 12 |
---------------+-------------------------------------+-----
Axes           | 3 4 5 6 7 9 11 13 15 17 19 | 19.3
Fighting       | |  3.0
Armour         | |  1.7
Dodging        | |  1.7

Action                   |  1- 3 |  4- 6 |  7- 9 | 10-12 || total
-------------------------+-------+-------+-------+-------++-------
Melee: Hand axe          |   132 |   166 |   139 |       ||   437
       Punch             |     1 |     2 |     4 |     8 ||    15
       Broad axe         |       |       |   198 |   560 ||   758
Throw: Boomerang         |       |     6 |    11 |       ||    17
Invok: Berserk           |     2 |     7 |    13 |    13 ||    35
       Trog's Hand       |       |       |     2 |     1 ||     3
       Brothers in Arms  |       |       |       |     1 ||     1
Evoke: Wand              |       |       |     9 |     4 ||    13
  Use: Potion            |       |     3 |     2 |     6 ||    11
       Scroll            |       |       |    14 |     6 ||    20
 Stab: Sleeping          |     5 |     5 |     3 |     1 ||    14
       Paralysed         |       |       |    13 |     8 ||    21
       Invisible         |       |       |       |    10 ||    10
       Petrified         |       |       |       |     9 ||     9
       Petrifying        |       |       |       |     2 ||     2
Armor: Animal skin       |     3 |       |       |       ||     3
       Ring mail         |    31 |    75 |   157 |   345 ||   608
       Acid dragon scale |       |       |       |    27 ||    27
Dodge: Dodged            |    80 |    92 |   167 |   318 ||   657

Table legend: (Time is in decaauts)
 A = Elapsed time spent in this place.
 B = Non-inter-level travel time spent in this place.
 C = Inter-level travel time spent in this place.
 D = Time resting spent in this place.
 E = Time spent auto-exploring this place.
 F = Levels seen in this place.
 G = Mean time per level.
                   A        B        C        D        E       F      G
               +--------+--------+--------+--------+--------+-----+--------+
         Total |  17553 |  16894 |    659 |   6110 |   8659 |  15 | 1170.2 |
       Dungeon |  14483 |  13914 |    569 |   5472 |   6665 |  11 | 1316.6 |
          Lair |   3070 |   2981 |     89 |    638 |   1994 |   4 |  767.5 |
               +--------+--------+--------+--------+--------+-----+--------+

Top non-repeatable levels by time:
     D:4: 1865 daAuts
     D:8: 1789 daAuts
     D:9: 1730 daAuts
     D:5: 1579 daAuts
     D:6: 1335 daAuts
     D:3: 1284 daAuts
     D:7: 1214 daAuts
    D:11: 1184 daAuts
  Lair:3: 1126 daAuts
  Lair:2: 1071 daAuts
    D:10: 884 daAuts
     D:2: 873 daAuts
  Lair:1: 854 daAuts
     D:1: 741 daAuts
  Lair:4: 17 daAuts
